EL
PENSACOLA BLUE WAHOOS @ COLORADO (EL) ROCKIES
07/01/2045
 
TOP OF THE 1ST
Pensacola Blue Wahoos batting - Pitching for Colorado (EL) Rockies : LHP Tris Ross
Pitching: LHP Tris Ross
Batting: RHB Reilly Hawkins 0-0: Ball
1-0: Called Strike
1-1: DOUBLE (Line Drive, 9LS, EV 106.9 MPH)
Batting: RHB Solange Le Coq 0-0: Foul Ball, location: 2F
0-1: Foul Ball, location: 2F
0-2: Foul Ball, location: 2F
0-2: Ball
1-2: Foul Ball, location: 2F
1-2: Strikes out swinging
Batting: RHB Dusty Pollert 0-0: Ball
1-0: Foul Ball, location: 2F
1-1: Called Strike
1-2: Ball
2-2: Ball
3-2: Strikes out swinging
Batting: RHB Colin Lord 0-0: SINGLE (Line Drive, 8RS, EV 111.2 MPH)
Reilly Hawkins to third
Batting: RHB Jamie Ingram 0-0: Ball
1-0: Fielders Choice at 2nd, 6-4 (Groundball, 6, EV 90.0 MPH)
Top of the 1st over - 0 runs, 2 hits, 0 errors, 2 left on base; Pensacola 0 - Colorado (EL) 0
BOTTOM OF THE 1ST
Colorado (EL) Rockies batting - Pitching for Pensacola Blue Wahoos : RHP Hideki Kobayashi
Pitching: RHP Hideki Kobayashi
Batting: SHB Eddie Quinones 0-0: Ball
1-0: Called Strike
1-1: Swinging Strike
1-2: Foul Ball, location: 2F
1-2: Ball
2-2: Strikes out looking
Batting: SHB Patrick Kimmel 0-0: Ground out U3 (Groundball, 13, EV 85.0 MPH)
Batting: SHB Chris Besselman 0-0: Ball
1-0: Ball
2-0: Called Strike
2-1: Fly out, F8 (Flyball, 89S, EV 92.5 MPH)
Bottom of the 1st over - 0 runs, 0 hits, 0 errors, 0 left on base; Pensacola 0 - Colorado (EL) 0
TOP OF THE 2ND
Pensacola Blue Wahoos batting - Pitching for Colorado (EL) Rockies : LHP Tris Ross
Batting: RHB Yasusaburo Kuwahara 0-0: Called Strike
0-1: Called Strike
0-2: Strikes out swinging
Batting: LHB Curt Johnson 0-0: Ball
1-0: Called Strike
1-1: Ball
2-1: Swinging Strike
2-2: Foul Ball, location: 2F
2-2: Foul Ball, location: 2F
SINGLE, rundown, safe at 1st
Batting: LHB Steven Wamble 0-0: Ball
1-0: Foul Ball, location: 2F
1-1: Ball
2-1: Ball
3-1: Base on Balls
Curt Johnson to second
Batting: RHB Bill Hainey 0-0: Called Strike
0-1: Called Strike
0-2: Foul Ball, location: 2F
0-2: Strikes out looking
Batting: RHB Reilly Hawkins 0-0: Foul Ball, location: 2F
0-1: Foul Ball, location: 2F
0-2: Strikes out swinging
Top of the 2nd over - 0 runs, 1 hit, 0 errors, 2 left on base; Pensacola 0 - Colorado (EL) 0
BOTTOM OF THE 2ND
Colorado (EL) Rockies batting - Pitching for Pensacola Blue Wahoos : RHP Hideki Kobayashi
Batting: LHB Koson Hirai 0-0: Ball
1-0: Ball
2-0: Ball
3-0: Called Strike
3-1: Base on Balls
Batting: RHB Eric Delgado 0-0: Called Strike
0-1: Swinging Strike
0-2: Ball
1-2: Ball
2-2: Strikes out swinging
Batting: RHB Matt Fabre 0-0: Called Strike
Koson Hirai steals 2nd base (no throw)
0-1: Ground out 4-3 (Groundball, 4, EV 89.4 MPH)
Koson Hirai to third
Batting: RHB Craig Gomez 0-0: Ball
1-0: Foul Ball, location: 2F
1-1: Swinging Strike
1-2: Strikes out swinging
Bottom of the 2nd over - 0 runs, 0 hits, 0 errors, 1 left on base; Pensacola 0 - Colorado (EL) 0
TOP OF THE 3RD
Pensacola Blue Wahoos batting - Pitching for Colorado (EL) Rockies : LHP Tris Ross
Batting: RHB Solange Le Coq 0-0: Ball
1-0: Called Strike
1-1: Called Strike
1-2: Strikes out looking
Batting: RHB Dusty Pollert 0-0: Ball
1-0: Called Strike
1-1: Called Strike
1-2: Strikes out looking
Batting: RHB Colin Lord 0-0: Foul Ball, location: 2F
0-1: SINGLE (Groundball, 56D, EV 105.6 MPH)
Batting: RHB Jamie Ingram 0-0: Ground out 4-3 (Groundball, 4, EV 90.6 MPH)
Top of the 3rd over - 0 runs, 1 hit, 0 errors, 1 left on base; Pensacola 0 - Colorado (EL) 0
BOTTOM OF THE 3RD
Colorado (EL) Rockies batting - Pitching for Pensacola Blue Wahoos : RHP Hideki Kobayashi
Batting: RHB Jerry Edmiston 0-0: Ground out 4-3 (Groundball, 4S, EV 88.1 MPH)
Pitching: RHP Miguel Estrada
Batting: RHB Steve Waltenbery 0-0: Called Strike
0-1: Ground out 6-3 (Groundball, 56, EV 82.5 MPH)
Batting: SHB Eddie Quinones 0-0: Ball
1-0: Ball
2-0: Called Strike
2-1: Foul Ball, location: 2F
2-2: Strikes out looking
Bottom of the 3rd over - 0 runs, 0 hits, 0 errors, 0 left on base; Pensacola 0 - Colorado (EL) 0
TOP OF THE 4TH
Pensacola Blue Wahoos batting - Pitching for Colorado (EL) Rockies : LHP Tris Ross
Batting: RHB Yasusaburo Kuwahara 0-0: Ball
1-0: Called Strike
1-1: Ground out 4-3 (Groundball, 4, EV 80.6 MPH)
Batting: LHB Curt Johnson 0-0: SINGLE (Flyball, 8RS, EV 85.0 MPH)
Batting: LHB Steven Wamble 0-0: Swinging Strike
0-1: Grounds into double play, 4-6-3 (Groundball, 4, EV 101.9 MPH)
Top of the 4th over - 0 runs, 1 hit, 0 errors, 0 left on base; Pensacola 0 - Colorado (EL) 0
BOTTOM OF THE 4TH
Colorado (EL) Rockies batting - Pitching for Pensacola Blue Wahoos : RHP Miguel Estrada
Batting: SHB Patrick Kimmel 0-0: Ground out 4-3 (Groundball, 4, EV 86.9 MPH)
Batting: SHB Chris Besselman 0-0: Ball
1-0: Ball
2-0: Ball
3-0: Base on Balls
Batting: LHB Koson Hirai 0-0: Called Strike
0-1: SINGLE (Line Drive, 78S, EV 104.4 MPH)
Chris Besselman to second
Batting: RHB Eric Delgado 0-0: Ball
1-0: Swinging Strike
1-1: Swinging Strike
1-2: Ball
2-2: Foul Ball, location: 2F
2-2: Ball
3-2: Foul Ball, location: 2F
3-2: Fly out, F8 (Flyball, 8LS, EV 83.1 MPH)
Batting: RHB Matt Fabre 0-0: Ball
1-0: Foul Ball, location: 2F
1-1: Swinging Strike
1-2: Foul Ball, location: 2F
1-2: Ground out 3-1 (Groundball, 34, EV 105.0 MPH)
Bottom of the 4th over - 0 runs, 1 hit, 0 errors, 2 left on base; Pensacola 0 - Colorado (EL) 0
TOP OF THE 5TH
Pensacola Blue Wahoos batting - Pitching for Colorado (EL) Rockies : LHP Tris Ross
Batting: RHB Bill Hainey 0-0: Called Strike
0-1: Ball
1-1: Ground out 4-3 (Groundball, 34, EV 86.2 MPH)
Batting: RHB Reilly Hawkins 0-0: Called Strike
0-1: Ball
1-1: Ball
2-1: Swinging Strike
2-2: Foul Ball, location: 2F
2-2: Foul Ball, location: 2F
2-2: Strikes out swinging
Batting: RHB Solange Le Coq 0-0: Ball
1-0: Called Strike
1-1: Ball
2-1: Ball
3-1: Foul Ball, location: 2F
3-2: Base on Balls
Batting: RHB Dusty Pollert 0-0: Ball
1-0: Called Strike
1-1: SINGLE (Groundball, 4D, EV 101.9 MPH)
Solange Le Coq to second
Solange Le Coq to third
Batting: RHB Colin Lord 0-0: Called Strike
0-1: Called Strike
0-2: Strikes out swinging
Top of the 5th over - 0 runs, 1 hit, 0 errors, 2 left on base; Pensacola 0 - Colorado (EL) 0
BOTTOM OF THE 5TH
Colorado (EL) Rockies batting - Pitching for Pensacola Blue Wahoos : RHP Miguel Estrada
Batting: RHB Craig Gomez 0-0: Called Strike
0-1: Swinging Strike
0-2: Ground out 6-3 (Groundball, 6, EV 79.4 MPH)
Batting: RHB Jerry Edmiston 0-0: Called Strike
0-1: DOUBLE (Line Drive, 5D, EV 98.8 MPH)
Batting: RHB Steve Waltenbery 0-0: DOUBLE (Flyball, 89XD, EV 104.4 MPH)
Jerry Edmiston scores
Batting: SHB Eddie Quinones 0-0: Fly out, F7 (Flyball, 7S, EV 82.5 MPH)
Batting: SHB Patrick Kimmel 0-0: Swinging Strike
0-1: Ball
1-1: SINGLE (Line Drive, 8LS, EV 91.2 MPH)
Steve Waltenbery to third
Runner from 3rd tries for Home, SAFE, throw by CF to home
Batting: SHB Chris Besselman 0-0: Ball
Patrick Kimmel steals 2nd base
1-0: Ball
2-0: Foul Ball, location: 2F
2-1: Foul Ball, location: 2F
2-2: Strikes out swinging
Bottom of the 5th over - 2 runs, 3 hits, 0 errors, 1 left on base; Pensacola 0 - Colorado (EL) 2
TOP OF THE 6TH
Pensacola Blue Wahoos batting - Pitching for Colorado (EL) Rockies : LHP Tris Ross
Batting: RHB Jamie Ingram 0-0: Ground out 1-3 (Groundball, 13S, EV 66.2 MPH)
Batting: RHB Yasusaburo Kuwahara 0-0: Foul Ball, location: 2F
0-1: Reached on error, E6 (Groundball, 6, EV 87.5 MPH)
Batting: LHB Curt Johnson 0-0: Called Strike
0-1: Ball
1-1: Foul Ball, location: 2F
1-2: Fly out, F7 (Flyball, 7S, EV 90.6 MPH)
Batting: LHB Steven Wamble 0-0: Called Strike
0-1: Ball
1-1: Foul Ball, location: 2F
1-2: Ball
2-2: Ball
3-2: Ground out 6-3 (Groundball, 6, EV 85.6 MPH)
Top of the 6th over - 0 runs, 0 hits, 1 error, 1 left on base; Pensacola 0 - Colorado (EL) 2
BOTTOM OF THE 6TH
Colorado (EL) Rockies batting - Pitching for Pensacola Blue Wahoos : RHP Miguel Estrada
Pitching: LHP Brian Whittall
Batting: LHB Koson Hirai 0-0: Ball
1-0: Swinging Strike
1-1: Ground out 4-3 (Groundball, 13, EV 81.9 MPH)
Batting: RHB Eric Delgado 0-0: Ball
1-0: Called Strike
1-1: Fly out, F8 (Flyball, 8LXD, EV 99.4 MPH)
Batting: RHB Matt Fabre 0-0: Ball
1-0: Ball
2-0: Swinging Strike
2-1: Foul Ball, location: 2F
2-2: Foul Ball, location: 2F
2-2: Ball
3-2: SINGLE (Line Drive, 9LS, EV 105.0 MPH)
Batting: RHB Craig Gomez 0-0: Ball
1-0: Fly out, F8 (Flyball, 8RM, EV 78.1 MPH)
Bottom of the 6th over - 0 runs, 1 hit, 0 errors, 1 left on base; Pensacola 0 - Colorado (EL) 2
TOP OF THE 7TH
Pensacola Blue Wahoos batting - Pitching for Colorado (EL) Rockies : LHP Tris Ross
Batting: RHB Bill Hainey 0-0: Ball
1-0: Ball
2-0: Ball
3-0: Swinging Strike
3-1: SINGLE (Flyball, 89S, EV 92.5 MPH)
Pitching: LHP Waldemar van der Sluijs
Batting: RHB Reilly Hawkins 0-0: Bunt missed!
0-1: Ball
1-1: Bunt missed!
1-2: Ball
2-2: SINGLE (Line Drive, 56, EV 98.1 MPH)
Bill Hainey to second
Batting: RHB Solange Le Coq 0-0: Bunt missed!
0-1: Sac Bunt to 13S - play at first, batter OUT! 1-4
Bill Hainey to third
Reilly Hawkins to second
Batting: RHB Dusty Pollert 0-0: Foul Ball, location: 2F
0-1: Ball
1-1: Ball
2-1: Foul Ball, location: 2F
2-2: Foul Ball, location: 2F
2-2: Ground out 4-3 (Groundball, 4, EV 88.8 MPH)
Bill Hainey scores
Reilly Hawkins to third
Batting: RHB Colin Lord 0-0: Foul Ball, location: 2F
0-1: Swinging Strike
0-2: Ball
1-2: Ball
2-2: Fly out, F9 (Line Drive, 9, EV 102.5 MPH)
Top of the 7th over - 1 run, 2 hits, 0 errors, 1 left on base; Pensacola 1 - Colorado (EL) 2
BOTTOM OF THE 7TH
Colorado (EL) Rockies batting - Pitching for Pensacola Blue Wahoos : LHP Brian Whittall
Batting: RHB Jerry Edmiston 0-0: SOLO HOME RUN (Flyball, 7D, EV 92.5 MPH), Distance : 348 ft
Batting: RHB Steve Waltenbery 0-0: Swinging Strike
0-1: Ball
1-1: Ball
2-1: Ball
3-1: Fly out, F3 (Line Drive, 4, EV 70.6 MPH)
Batting: SHB Eddie Quinones 0-0: Ball
1-0: Reached on error, E6 (Groundball, 6, EV 91.2 MPH)
Batting: SHB Patrick Kimmel 0-0: Ball
1-0: Ball
2-0: Grounds into double play, 5-4-3 (Groundball, 5S, EV 89.4 MPH)
Bottom of the 7th over - 1 run, 1 hit, 1 error, 0 left on base; Pensacola 1 - Colorado (EL) 3
TOP OF THE 8TH
Pensacola Blue Wahoos batting - Pitching for Colorado (EL) Rockies : LHP Waldemar van der Sluijs
Pitching: RHP Willie Lasso
Batting: RHB Jamie Ingram 0-0: Ball
1-0: Called Strike
1-1: Swinging Strike
1-2: Strikes out looking
Batting: RHB Yasusaburo Kuwahara 0-0: Ball
1-0: Swinging Strike
1-1: Ball
2-1: Fly out, F4 (Flyball, 34D, EV 75.6 MPH)
Batting: LHB Curt Johnson 0-0: Called Strike
0-1: Called Strike
0-2: Strikes out looking
Top of the 8th over - 0 runs, 0 hits, 0 errors, 0 left on base; Pensacola 1 - Colorado (EL) 3
BOTTOM OF THE 8TH
Colorado (EL) Rockies batting - Pitching for Pensacola Blue Wahoos : LHP Brian Whittall
Pitching: RHP Vladislav Prochazka
Batting: SHB Chris Besselman 0-0: Called Strike
0-1: Ball
1-1: Ground out U3 (Groundball, 3L, EV 88.1 MPH)
Batting: LHB Koson Hirai 0-0: Called Strike
0-1: Ball
1-1: Ball
2-1: SINGLE (Groundball, 4D, EV 105.6 MPH)
Batting: RHB Eric Delgado 0-0: Foul Ball, location: 2F
0-1: Ball
1-1: Ball
Koson Hirai steals 2nd base (no throw)
2-1: Foul Ball, location: 2F
2-2: Ground out 1-3 (Groundball, 13, EV 65.0 MPH)
Koson Hirai to third
Batting: RHB Matt Fabre 0-0: Foul Ball, location: 2F
0-1: Foul Ball, location: 2F
0-2: Strikes out swinging
Bottom of the 8th over - 0 runs, 1 hit, 0 errors, 1 left on base; Pensacola 1 - Colorado (EL) 3
TOP OF THE 9TH
Pensacola Blue Wahoos batting - Pitching for Colorado (EL) Rockies : RHP Willie Lasso
Pitching: LHP Greg Burngooch
Now at 1B: Matt Fabre
Now at 2B: John Rodd
Now at SS: Steve Waltenbery
Now in RF: Eric Ludwig
Pinch Hitting: RHB Danny Real 0-0: Foul Ball, location: 2F
0-1: Ball
1-1: Fly out, F7 (Flyball, 78M, EV 97.5 MPH)
Batting: RHB Bill Hainey 0-0: Foul Ball, location: 2F
0-1: Foul Ball, location: 2F
0-2: Ball
1-2: Ball
2-2: Ball
3-2: Foul Ball, location: 2F
3-2: Ground out 4-3 (Groundball, 4M, EV 87.5 MPH)
Batting: RHB Reilly Hawkins 0-0: Ball
1-0: Ball
2-0: Called Strike
2-1: Foul Ball, location: 2F
2-2: Ball
3-2: SOLO HOME RUN (Flyball, 9D, EV 91.9 MPH), Distance : 351 ft
Batting: RHB Solange Le Coq 0-0: Ball
1-0: SINGLE (Flyball, 5D, EV 92.5 MPH)
Batting: RHB Dusty Pollert 0-0: Ball
1-0: Called Strike
1-1: Called Strike
1-2: Fly out, F9 (Flyball, 9LS, EV 70.6 MPH)
Top of the 9th over - 1 run, 2 hits, 0 errors, 1 left on base; Pensacola 2 - Colorado (EL) 3
Wednesday, June 22nd , 2022 - OOTP Baseball 23.4 Build 64